 Dungeon Crawl Stone Soup version 0.17.2-1-ge4368a0 (webtiles) character file.

1290 ololoev the Chopper (level 8, 27/63 HPs)
             Began as a Demonspawn Fighter on Oct 25, 2016.
             Quit the game on level 7 of the Dungeon.
             The game lasted 00:16:24 (2105 turns).

ololoev the Chopper (Demonspawn Fighter)            Turns: 2105, Time: 00:16:24

Health: 27/63      AC: 16    Str: 19    XL:     8   Next: 30%
Magic:  8/8        EV:  9    Int:  9    God:
Gold:   254        SH:  0    Dex: 17    Spells: 0 memorised, 7 levels left

rFire  . . .     SeeInvis .     a - +0 battleaxe
rCold  . . .     Clarity  .     p - +4 scale mail
rNeg   . . .     SustAt   .     (shield currently unavailable)
rPois  .         Gourm    .     (no helmet)
rElec  .         Spirit   +     g - +2 cloak {+Inv}
rCorr  .         Warding  .     (no gloves)
rMut   .         Stasis   .     n - +0 pair of boots
MR     +....                    (no amulet)
Stlth  ..........               y - +4 ring of dexterity
                                q - ring of protection from magic

@: somewhat resistant to hostile enchantments, extremely unstealthy
A: icy blue scales 1, powered by pain 1, magic shield
a: Evoke Invisibility


Innate Abilities, Weirdness & Mutations

You are partially covered in icy blue scales (AC +1).
You sometimes gain a little power by taking damage.
When hurt, damage is shared between your health and your magic reserves.

Inventory:

Hand Weapons
 a - a +0 battleaxe (weapon)
Armour
 g - a +2 cloak of invisibility (worn)
 n - a +0 pair of boots (worn)
 p - a +4 scale mail (worn)
Jewellery
 q - a ring of protection from magic (left hand)
 y - a +4 ring of dexterity (right hand)
Wands
 r - a wand of digging (10)
Scrolls
 b - 3 scrolls of fog {unknown}
 d - 2 scrolls of immolation {unknown}
 f - 2 scrolls of teleportation {unknown}
 i - 4 scrolls of amnesia {unknown}
 j - 6 scrolls of identify {unknown}
 k - a scroll of magic mapping {unknown}
 l - 3 scrolls of remove curse {unknown}
 v - a scroll of blinking {unknown}
 A - a scroll of random uselessness {unknown}
Potions
 c - a potion of might
 h - a potion of cure mutation
 o - a potion of magic {unknown}
 t - a potion of poison {unknown}
 u - a potion of beneficial mutation {unknown}
 w - 3 potions of heal wounds
 x - a potion of invisibility {unknown}
 z - a potion of agility {unknown}
Comestibles
 e - 3 bread rations
 m - 3 meat rations
 s - 2 royal jellies


   Skills:
 + Level 5.5 Fighting
 * Level 6.8 Axes
 + Level 5.4 Armour
   Level 2.6 Shields


You had 7 spell levels left.
You didn't know any spells.


You were on level 7 of the Dungeon.
You were not hungry.

You visited 2 branches of the dungeon, and saw 9 of its levels.
You also visited: Ossuary.

You collected 254 gold pieces.

#. #. #. ######
.. .....# ##.
#######.....# #.
...#.'.._..# #.
###.#.#.....# ..
#...@.#.....# ##
#####.#.#.#######
#...........#
#.###.#.#.#.....
#.##......####.#
.##.#...#.#.# .
..........#.#.##.
.##.#..).........
......#)()###.##.

Notes
Turn   | Place    | Note
--------------------------------------------------------------
     0 | D:1      | ololoev the Demonspawn Fighter began the quest for the Orb.
     0 | D:1      | Reached XP level 1. HP: 18/18 MP: 1/1
   205 | D:2      | Gained mutation: When hurt, damage is shared between your health and your magic reserves. [demonic ancestry]
   205 | D:2      | Reached XP level 2. HP: 20/24 MP: 2/2
   407 | D:3      | Reached XP level 3. HP: 25/29 MP: 0/3
   599 | D:3      | Noticed Natasha
   604 | D:3      | Killed Natasha
   604 | D:3      | Gained mutation: You are partially covered in icy blue scales (AC +1). [demonic ancestry]
   604 | D:3      | Reached XP level 4. HP: 35/35 MP: 2/4
   614 | D:3      | Noticed Ijyb
   623 | D:3      | Killed Ijyb
   643 | D:4      | Gained mutation: You sometimes gain a little power by taking damage. [demonic ancestry]
   643 | D:4      | Reached XP level 5. HP: 40/42 MP: 5/5
   665 | D:5      | Entered Level 5 of the Dungeon
   714 | D:5      | Reached skill level 4 in Axes
   771 | D:5      | Found a staircase to the Ecumenical Temple.
   776 | Temple   | Entered the Ecumenical Temple
   862 | D:5      | Reached XP level 6. HP: 41/48 MP: 6/6
  1000 | D:5      | Found a shimmering altar of Xom.
  1017 | D:5      | Found a sand-covered staircase.
  1038 | Ossuary  | Entered an ossuary
  1080 | Ossuary  | Reached skill level 5 in Axes
  1201 | Ossuary  | Reached XP level 7. HP: 20/55 MP: 2/7
  1334 | D:3      | Found a shadowy altar of Dithmenos.
  1918 | D:7      | Reached skill level 6 in Axes
  1918 | D:7      | Reached skill level 5 in Armour
  2009 | D:7      | Reached skill level 5 in Fighting
  2024 | D:7      | Reached XP level 8. HP: 44/62 MP: 6/8
  2101 | D:7      | Found a shattered altar of Ashenzari.
  2105 | D:7      | Quit the game

Dungeon Overview and Level Annotations

Branches:
Dungeon (8/15)             Temple (1/1) D:5
   Lair: D:8-11

Altars:
Ashenzari
Cheibriados
Dithmenos
Fedhas
Gozag
Nemelex Xobeh
Qazlal
Ru
Trog
Xom


Message History

You destroy the hungry ghost!
You closely miss the big kobold.
The big kobold is almost dead.
The big kobold hits you but does no damage.
Unknown command.
You slash the big kobold!
You kill the big kobold!
You see here a black bear corpse.
You butcher the black bear corpse.
Eat one of 3 chunks of flesh? (ye/n/q/i?) This raw flesh tastes terrible.
You are near starving!
You continue eating. x2
Eat one of 2 chunks of flesh? (ye/n/q/i?) This raw flesh tastes terrible.
You are feeling hungry.
You continue eating. x2
Eat a chunk of flesh? (ye/n/q/i?) This raw flesh tastes terrible.
You continue eating. x2
Things that are here:
a whip; 3 stones; a kobold corpse You see here a stone.
Things that are here:
a club; a kobold corpse
Things that are here:
a club; a blowgun; 14 poisoned needles
Found a potion of might.
Found a pair of boots.
c - a potion of might You see here a pair of boots.
n - a pair of boots Wear which item? (? for menu, Esc to quit)
You start putting on your armour.
You continue putting on your pair of boots. x4
You finish putting on your +0 pair of boots.
You open the door.
Found a shattered altar of Ashenzari.
There is an open door here.
Are you sure you want to abandon this character and quit the game? (Confirm with "yes".)

There were no monsters in sight!

Vanquished Creatures
  A hungry ghost (D:7)
  A black bear (D:7)
  2 big kobolds (D:7)
  A giant frog (D:7)
  A wight (D:6)
  A scorpion (D:7)
  3 hounds
  An orc priest (D:5)
  A centaur zombie (Ossuary)
  A crimson imp (D:3)
  A giant frog zombie (D:5)
  Ijyb (D:3)
  An iguana (D:4)
  4 orc wizards
  Natasha (D:3)
  3 worker ants (D:5)
  3 ogre zombies (Ossuary)
  6 mummies (Ossuary)
  A hound skeleton (D:6)
  A worker ant zombie (D:6)
  2 adders
  A shadow imp (D:5)
  3 adder zombies
  2 giant geckos
  13 orcs
  A giant cockroach (D:1)
  4 hobgoblins
  6 jackals
  A quokka (D:6)
  3 bats
  A giant gecko zombie (D:5)
  3 giant newts
  2 goblins (D:2)
  2 goblin zombies (Ossuary)
  3 hobgoblin zombies (Ossuary)
  17 kobolds
  2 quokka zombies (Ossuary)
  6 rats
  A rat zombie (Ossuary)
108 creatures vanquished.

Action                   |  1- 3 |  4- 6 |  7- 9 || total
-------------------------+-------+-------+-------++-------
Melee: War axe           |    78 |   120 |    35 ||   233
       Battleaxe         |       |       |    68 ||    68
  Use: Potion            |     1 |     4 |     3 ||     8
  Eat: Chunk             |       |     1 |     9 ||    10

Vault maps used:
D:1:      scummos_arrival_simple_crosswalls, minmay_misc_feat_iff,
          grunt_decor_cap
D:2:      nicolae_tso_carved_into_rock, minmay_misc_feat_roman
D:3:      kennysheep_ying_yang, grunt_temple_overflow_order_and_chaos_2,
          first_bread, mrwooster_statue_mirror, grunt_dithmenos_smoke,
          uniq_natasha, uniq_iyjb
D:5:      temple_doors_e, basic_altar, nicolae_ossuary_entry_ruins
D:6:      wad_crossroads, corexii_item_surrounded_by_moat
D:7:      kennysheep_little_box, grunt_temple_overflow_open, serial_shops, shop,
          the_bakery, uniq_menkaure
D:8:      kennysheep_windowed_goal
Temple:   circular_temple_pool_8
Ossuary:  ossuary_boxes_badplayer
